Map: Amygdala

Players

WBGSHIN (SHIN)

  • Race: Zerg Zerg
  • Spawn Location: 7:00

Rogue - Winner!

  • Race: Zerg Zerg
  • Spawn Location: 1:00

VOD

Have the link to the VOD?

Description

Time

  • Played on: April 26, 2025, 8:01 a.m.
  • Length: 9:32
Show
View Real Time Build Order
Export as new Build Order

WBGSHIN Zerg 

Build Orders: Hatch First 

Get SALT Encoding   

  12  0:00  Drone  
  13  0:07  Drone  
  14  0:16  Overlord  
  14  0:21  Extractor  
  13  0:22  Drone  
  15  0:35  Drone  
  16  0:45  Hatchery  
  16  0:48  Drone  
  16  0:51  Drone  
  16  0:55  Drone  
  18  1:06  Extractor  
  18  1:10  Spawning Pool  
  16  1:13  Drone  
  16  1:16  Drone  
  18  1:26  Drone  
  19  1:37  Drone  
  20  1:48  Drone  
  21  1:56  Queen  
  21  1:57  Queen, Zergling x2  
  21  1:58  Overlord  
  27  2:08  Drone  
  27  2:09  Drone, Metabolic Boost  
  28  2:19  Drone x2  
  30  2:29  Zergling x2  
  31  2:33  Hatchery  
  31  2:36  Drone  
  31  2:40  Drone  
  32  2:46  Queen  
  34  2:52  Baneling Nest  
  34  2:56  Overlord  
  34  2:58  Drone  
  34  3:01  Drone  
  35  3:07  Zergling x2  
  36  3:15  Drone x5  
  36  3:17  Drone  
  42  3:21  Zergling x2  
  42  3:26  Overlord  
  43  3:36  Overlord  
  43  3:39  Baneling  
  43  3:40  Drone  
  44  3:45  Drone  
  44  3:46  Drone x3  
  44  3:47  Drone  
  44  3:48  Drone, Roach Warren  
  49  3:56  Drone  
  49  3:57  Extractor, Drone x2  
  49  4:02  Zergling x6  
  53  4:05  Lair  
  53  4:10  Drone  
  53  4:11  Drone  
  53  4:12  Evolution Chamber  
  53  4:13  Drone  
  55  4:18  Drone x3  
  55  4:20  Overlord  
  58  4:24  Drone x2  
  58  4:29  Drone x2  
  62  4:32  Drone x2, Extractor  
  62  4:33  Extractor  
  62  4:37  Drone x4  
  66  4:40  Drone x3  
  66  4:42  Overlord  
  68  4:49  Zerg Melee Weapons Level 1  
  68  4:50  Drone  
  69  4:56  Roach x2  
  69  4:57  Overlord  
  69  4:59  Overlord  
  73  5:00  Overlord  
  73  5:02  Roach  
  73  5:03  Roach  
  77  5:07  Spire  
  77  5:08  Drone  
  77  5:12  Overseer  
  77  5:14  Drone  
  77  5:17  Drone x2  
  77  5:18  Overlord  
  77  5:20  Drone x4  
  84  5:22  Extractor x2  
  84  5:25  Drone x3  
  85  5:29  Overlord  
  85  5:30  Zergling x2  
  85  5:31  Zergling x2  
  85  5:35  Zergling x4  
  87  5:40  Zergling x2  
  87  5:41  Overlord, Zergling x4  
  87  5:42  Zergling x2  
  90  5:45  Zergling x2  
  90  5:46  Overlord  
  90  5:47  Zergling x2  
  92  5:51  Overlord, Zergling x2  
  92  5:56  Zergling x10  
  98  6:05  Hatchery  
  98  6:06  Drone  
  98  6:07  Overlord  
  98  6:08  Zergling x2  
  99  6:21  Mutalisk x6  
  99  6:25  Zerg Flyer Weapons Level 1  
  111  6:28  Mutalisk x2  
  111  6:32  Overlord  
  115  6:36  Mutalisk x2  
  104  6:47  Mutalisk x2  
  104  6:50  Zergling x10  
  107  6:56  Mutalisk  
  107  6:57  Mutalisk  
  107  6:59  Zergling x14  
  114  7:05  Mutalisk  
  114  7:06  Spore Crawler  
  114  7:08  Zergling x8  
  117  7:15  Mutalisk  
  117  7:16  Mutalisk  
  117  7:17  Spore Crawler  
  117  7:19  Drone x2  
  122  7:27  Extractor  
  122  7:28  Mutalisk x2  
  125  7:31  Zergling x16  
  125  7:34  Overlord x2, Zergling x2  
  128  7:40  Drone x2  
  129  7:44  Extractor, Mutalisk x2  
  129  7:48  Baneling x3  
  132  7:51  Spore Crawler  
  132  7:53  Mutalisk  
  132  7:54  Spore Crawler  
  132  7:55  Zergling x4  
  132  7:56  Zergling x2  
  134  7:59  Overlord  
  134  8:04  Mutalisk x2  
  136  8:08  Mutalisk  
  118  8:13  Mutalisk  
  118  8:15  Zergling x4  
  118  8:18  Mutalisk  
  118  8:20  Zergling x10  
  118  8:22  Mutalisk  
  124  8:28  Mutalisk  
  124  8:32  Mutalisk  
  124  8:33  Zergling x8  
  130  8:40  Mutalisk  
  132  8:45  Mutalisk  
  134  8:53  Mutalisk  
  129  8:55  Mutalisk  
  129  8:58  Zergling x2  
  129  8:59  Spore Crawler, Zergling x16  
  129  9:01  Mutalisk  
  107  9:12  Zergling x10  
Show
View Real Time Build Order
Export as new Build Order

Rogue Zerg - Winner!

Build Orders: Hatch First 

Get SALT Encoding   

  12  0:00  Drone  
  13  0:12  Overlord  
  13  0:16  Drone  
  14  0:31  Drone x2  
  16  0:46  Hatchery  
  16  0:49  Drone  
  16  0:51  Drone  
  16  0:56  Drone  
  18  1:05  Extractor  
  18  1:10  Spawning Pool  
  16  1:13  Drone  
  16  1:17  Drone  
  18  1:28  Drone  
  19  1:38  Drone  
  20  1:49  Drone  
  21  1:57  Queen x2  
  21  1:58  Zergling x2  
  26  2:02  Overlord  
  26  2:05  Metabolic Boost  
  26  2:10  Drone  
  26  2:12  Drone  
  28  2:21  Drone  
  28  2:22  Drone  
  30  2:31  Zergling x2  
  30  2:32  Drone  
  32  2:37  Hatchery  
  32  2:41  Drone  
  32  2:45  Drone, Baneling Nest  
  32  2:52  Overlord  
  32  2:55  Zergling x2  
  33  3:03  Drone  
  34  3:06  Drone  
  34  3:07  Drone  
  34  3:11  Drone x4  
  40  3:17  Overlord  
  40  3:22  Queen  
  40  3:25  Drone  
  43  3:27  Drone  
  43  3:29  Baneling  
  44  3:39  Drone x6  
  44  3:40  Drone  
  50  3:47  Roach Warren  
  49  3:50  Lair  
  49  3:54  Extractor  
  48  3:56  Zergling x4  
  48  4:01  Drone x2  
  53  4:02  Drone  
  53  4:03  Drone x2  
  53  4:09  Evolution Chamber  
  54  4:15  Drone x4  
  54  4:16  Overlord  
  58  4:17  Overlord  
  58  4:22  Overlord  
  58  4:26  Extractor x2  
  58  4:28  Drone x2  
  58  4:30  Overlord  
  58  4:37  Zerg Melee Weapons Level 1  
  58  4:38  Drone x3  
  58  4:41  Drone x2  
  58  4:44  Overlord  
  62  4:47  Zergling x4  
  62  4:50  Drone, Spire  
  64  4:56  Drone x2  
  64  4:57  Drone  
  67  5:03  Drone x4  
  67  5:04  Drone  
  67  5:05  Extractor x2  
  70  5:07  Overlord  
  70  5:12  Drone  
  70  5:13  Drone  
  71  5:14  Drone x4  
  71  5:15  Drone  
  71  5:16  Drone  
  71  5:18  Overseer  
  71  5:21  Overlord  
  77  5:27  Zergling x2  
  77  5:28  Zergling x6  
  78  5:40  Hatchery  
  76  5:48  Drone x2  
  77  5:53  Queen  
  79  6:01  Mutalisk  
  79  6:02  Mutalisk x6  
  93  6:06  Mutalisk  
  94  6:12  Zergling x8  
  94  6:14  Zerg Flyer Weapons Level 1  
  98  6:19  Mutalisk x2  
  98  6:22  Zergling x12  
  107  6:32  Mutalisk x2  
  107  6:33  Zergling x2  
  107  6:34  Zergling x4  
  113  6:45  Overlord  
  113  6:47  Overlord x3  
  108  6:48  Zerg Melee Weapons Level 2  
  108  6:53  Extractor  
  108  6:54  Drone x2  
  109  6:55  Drone x2, Extractor  
  110  7:02  Overlord  
  110  7:07  Overlord  
  110  7:09  Mutalisk x5  
  110  7:14  Mutalisk  
  122  7:16  Hatchery  
  122  7:18  Zergling x10  
  125  7:24  Mutalisk  
  125  7:26  Overlord  
  125  7:28  Zergling x2  
  125  7:29  Zergling x6  
  129  7:32  Mutalisk x2  
  129  7:35  Drone x2  
  131  7:38  Drone  
  130  7:44  Hatchery  
  130  7:46  Mutalisk x2  
  132  7:52  Mutalisk  
  132  7:53  Overlord  
  132  7:54  Zergling x14  
  140  8:02  Mutalisk x2  
  140  8:03  Extractor  
  140  8:04  Overlord  
  140  8:05  Extractor, Overlord  
  138  8:07  Zergling x2  
  138  8:08  Zergling x2  
  127  8:15  Mutalisk  
  127  8:17  Spine Crawler  
  127  8:19  Mutalisk  
  129  8:26  Zergling x20  
  136  8:35  Extractor, Mutalisk x2  
  136  8:36  Extractor, Zergling x2  
  136  8:41  Mutalisk  
  138  8:46  Hatchery  
  139  8:53  Mutalisk x2  
  141  8:58  Zergling x2  
  141  8:59  Mutalisk  
  141  9:02  Zergling x2  
  134  9:03  Zergling x20  
  134  9:08  Mutalisk  
  139  9:11  Zergling x4  
  139  9:13  Zergling x2  
Tags
 
Matchup
ZvZ
Player
RogueSHIN
Race
Zerg
Spawn Locations
Cross Positions
Add a new tag
Caveats
  • Supply blocks, unpowered buildings, or Contaminate may cause inaccurate times.
  • Supply counts are checked every 10 seconds.